[Event "28th WSCC Open 50 2018"]
[Site "Bled"]
[Date "2018.11.18"]
[Round "1"]
[White "Soffer, Ram"]
[Black "Smith, Peter R"]
[Result "1-0"]
[ECO "B31"]
[WhiteElo "2472"]
[BlackElo "2049"]
[Annotator "ChessBase"]
[PlyCount "58"]
[EventDate "2018.11.17"]
[EventType "swiss"]
[EventCountry "SLO"]
[SourceTitle "playchess.com"]
[Source "ChessBase"]
[SourceQuality "1"]
[TimeControl "40/5400+30:1800+30"]

1. e4 c5 2. Nf3 Nc6 3. Bb5 g6 4. Bxc6 dxc6 5. d3 Bg7 6. h3 e5 7. O-O Ne7 8. Be3 b6 9. a4 a5 10. Na3 O-O 11. Nc4 Qc7 12. b4 b5 13. axb5 cxb5 14. Rxa5 Ba6 15. Ncd2 cxb4 16. Nb3 Nc6 17. Ra1 Rfb8 18. Qd2 Bc8 19. Bh6 Bh8 20. Rxa8 Rxa8 21. d4 exd4 22. Nfxd4 Nxd4 23. Nxd4 Bd7 24. Qxb4 Qe5 25. Ne2 Bf6 26. Rd1 Bxh3 27. gxh3 Qh5 28. Qd2 g5 29. Qd5 Qxh6 1-0

[Event "28th WSCC Open 50 2018"]
[Site "Bled"]
[Date "2018.11.18"]
[Round "1"]
[White "Arakhamia-Grant, Ketevan"]
[Black "Spiess, Thomas"]
[Result "1-0"]
[ECO "B48"]
[WhiteElo "2373"]
[BlackElo "1975"]
[Annotator "ChessBase"]
[PlyCount "48"]
[EventDate "2018.11.17"]
[EventType "swiss"]
[EventCountry "SLO"]
[SourceTitle "playchess.com"]
[Source "ChessBase"]
[SourceQuality "1"]
[TimeControl "40/5400+30:1800+30"]

1. e4 c5 2. Nf3 e6 3. d4 cxd4 4. Nxd4 Nc6 5. Nc3 Qc7 6. Be3 a6 7. Qd2 b5 8. O-O-O Bb7 9. Bf4 e5 10. Nxc6 exf4 11. Na5 b4 12. Nxb7 bxc3 13. Nd6+ Bxd6 14. Qxd6 cxb2+ 15. Kb1 Qxd6 16. Rxd6 a5 17. Bb5 Rb8 18. a4 Nf6 19. f3 Ke7 20. Rhd1 Rhc8 21. e5 Ne8 22. Rxd7+ Ke6 23. R7d5 Rc7 24. Rd8 Ke7 1-0

[Event "28th WSCC Open 50 2018"]
[Site "Bled"]
[Date "2018.11.18"]
[Round "1"]
[White "Siedl, Manfred"]
[Black "Bischoff, Klaus"]
[Result "0-1"]
[ECO "A05"]
[WhiteElo "2071"]
[BlackElo "2507"]
[Annotator "ChessBase"]
[PlyCount "80"]
[EventDate "2018.11.17"]
[EventType "swiss"]
[EventCountry "SLO"]
[SourceTitle "playchess.com"]
[Source "ChessBase"]
[SourceQuality "1"]
[TimeControl "40/5400+30:1800+30"]

1. Nf3 Nf6 2. e3 d6 3. d4 g6 4. Be2 Bg7 5. O-O O-O 6. c4 Nbd7 7. Nc3 e5 8. Qc2 Re8 9. dxe5 dxe5 10. e4 c6 11. Re1 Nh5 12. g3 Bf8 13. Nh4 Ng7 14. Ng2 Ne6 15. Be3 Nd4 16. Qd1 Nc5 17. Rb1 a5 18. Kh1 Bg7 19. Bf1 h5 20. f3 a4 21. Bf2 Qf6 22. Nh4 Rd8 23. f4 Bg4 24. Qc1 exf4 25. e5 Qe7 26. gxf4 Bh6 27. Qe3 Nde6 28. Ng2 Rd4 29. Qg3 Bxf4 30. Nxf4 Rxf4 31. Qg1 Bf3+ 32. Bg2 Rg4 33. Bg3 Bxg2+ 34. Qxg2 h4 35. Qf3 Rxc4 36. Bf2 Rd8 37. Bxc5 Nxc5 38. Rbd1 Rxd1 39. Rxd1 Qxe5 40. Rf1 Qe6 0-1

[Event "28th WSCC Open 50 2018"]
[Site "Bled"]
[Date "2018.11.18"]
[Round "1"]
[White "Malinovsky, Petr"]
[Black "Arkell, Keith C"]
[Result "0-1"]
[ECO "E00"]
[WhiteElo "2048"]
[BlackElo "2443"]
[Annotator "NA"]
[PlyCount "62"]
[EventDate "2018.11.17"]
[EventType "swiss"]
[EventCountry "SLO"]
[SourceTitle "playchess.com"]
[Source "ChessBase"]
[SourceQuality "1"]
[TimeControl "40/5400+30:1800+30"]

1. d4 e6 2. c4 Bb4+ 3. Nc3 c5 4. e3 Bxc3+ {[%emt 0:00:02] A40: Unusual replies to 1 d4} (4... b6 5. Nge2 Bb7 6. a3 Ba5 7. Bd2 Bxc3 8. Bxc3 Nf6 9. Ng3 cxd4 10. Qxd4 Nc6 11. Qf4 Qe7 12. O-O-O {0-1 (37) Hillarp Persson,T (2509)-Short,N (2688) Helsingor 2017}) 5. bxc3 {[%emt 0:00:10] LiveBook: 29 Games} f5 6. g4 Nf6 7. h3 $146 ({Predecessor:} 7. gxf5 exf5 8. Bd3 d6 9. Qf3 O-O 10. Ne2 Nc6 11. Bd2 Qe8 12. Rg1 {0-1 (31) Matuszewski,M (2325)-Arkell,K (2432) Coulsdon 2011}) 7... d6 8. Bd3 O-O 9. Ne2 Nc6 10. Ng3 g6 11. g5 Nd7 12. f4 e5 13. Bc2 Nb6 14. h4 exf4 15. exf4 Nxc4 16. h5 Kg7 17. hxg6 hxg6 18. Rh6 Rh8 19. Rxh8 (19. Bb3 $17 Nb6 20. Kf2 Rxh6 21. gxh6+ Kh7 22. Qd3) 19... Qxh8 20. d5 $2 (20. Qf3) 20... Qh2 21. Qf3 Bd7 (21... Qxc2 $142 22. dxc6 bxc6) 22. Bd3 $2 {[%emt 0:03:36] [#]} (22. Qf2 Re8+ 23. Kf1 Qh3+ 24. Kg1) 22... N6e5 $1 23. fxe5 Nxe5 24. Qe3 {[%emt 0:03:54] [#]} f4 $1 {[%emt 0:00:28] Double Attack} 25. Qe2 Qxg3+ 26. Kd2 Bg4 27. Qf1 Nxd3 28. Kc2 $19 Re8 29. Bd2 Re2 30. Qh1 Rxd2+ 31. Kxd2 Qf2+ 0-1

[Event "28th WSCC Open 50 2018"]
[Site "Bled"]
[Date "2018.11.25"]
[Round "7"]
[White "Soffer, Ram"]
[Black "Ernst, Michael"]
[Result "1-0"]
[ECO "A13"]
[WhiteElo "2472"]
[BlackElo "2197"]
[Annotator "RC"]
[PlyCount "71"]
[EventDate "2018.11.17"]
[EventType "swiss"]
[EventCountry "SLO"]
[SourceTitle "playchess.com"]
[Source "ChessBase"]
[SourceQuality "1"]
[TimeControl "40/5400+30:1800+30"]

1. c4 e6 2. Nf3 Nf6 3. g3 d5 4. Bg2 dxc4 5. O-O Nbd7 6. Qc2 a6 7. a4 Be7 8. Na3 O-O 9. Nxc4 Nd5 10. d4 c5 11. Rd1 Qc7 12. e4 Nb4 13. Qb3 cxd4 14. Bf4 Qc5 15. Rac1 d3 16. Ne1 Qa7 17. Nxd3 Nxd3 18. Qxd3 Nc5 19. Qa3 b5 20. axb5 axb5 21. Qxa7 Rxa7 22. Nd6 e5 23. Bxe5 Bg4 24. f3 Nd7 25. Bd4 Raa8 26. Nxb5 Be6 27. Nc7 Rad8 28. Nxe6 fxe6 29. Bc3 Nc5 30. Rxd8 Rxd8 31. Bb4 Rc8 32. Ba3 Kf7 33. Bf1 g5 34. b4 Ra8 35. bxc5 Rxa3 36. c6 1-0

[Event "28th WSCC Open 50 2018"]
[Site "Bled"]
[Date "2018.11.25"]
[Round "7"]
[White "Kalegin, Evgenij"]
[Black "Metz, Hartmut"]
[Result "1-0"]
[ECO "B16"]
[WhiteElo "2413"]
[BlackElo "2296"]
[Annotator "RC"]
[PlyCount "147"]
[EventDate "2018.11.17"]
[EventType "swiss"]
[EventCountry "SLO"]
[SourceTitle "playchess.com"]
[Source "ChessBase"]
[SourceQuality "1"]
[TimeControl "40/5400+30:1800+30"]

1. e4 c6 2. d4 d5 3. Nc3 dxe4 4. Nxe4 Nf6 5. Nxf6+ gxf6 6. c3 Qc7 7. Qh5 Be6 8. Ne2 Qd7 9. Nf4 Bf5 10. Bc4 e6 11. O-O Na6 12. Bxa6 bxa6 13. Qe2 Rg8 14. Qxa6 Bd6 15. Nh5 Be7 16. Bh6 Bg6 17. Ng3 Bd6 18. Rfe1 Qc8 19. Qe2 Qc7 20. Qf3 f5 21. d5 cxd5 22. Qxd5 O-O-O 23. Qa8+ Qb8 24. Qf3 Qb7 25. Qxb7+ Kxb7 26. Bg5 Rd7 27. Rad1 Kc7 28. Bf6 Rb8 29. b4 a5 30. a3 axb4 31. axb4 Bxg3 32. hxg3 Rxd1 33. Rxd1 Rb5 34. Bd4 Bh5 35. f3 e5 36. Bc5 e4 37. Kf2 Rb7 38. c4 Kc8 39. Rd5 Bg6 40. Ke3 Rd7 41. Bd6 Ra7 42. b5 Ra2 43. c5 Rxg2 44. c6 Rb2 45. fxe4 fxe4 46. Bf4 f6 47. Kd4 Rb3 48. Kc5 Rc3+ 49. Kb4 Rc2 50. c7 Kb7 51. Rd8 Rxc7 52. Bxc7 Kxc7 53. Rd1 Bh5 54. Rh1 Bg6 55. Kc5 h5 56. b6+ Kc8 57. Ra1 Bf5 58. Ra8+ Kb7 59. Ra7+ Kb8 60. Re7 e3 61. Rxe3 Bg4 62. Re8+ Kb7 63. Re7+ Kb8 64. b7 Ka7 65. Kc6 Bf3+ 66. Kc7 Bxb7 67. Re1 Ba6 68. Ra1 f5 69. Ra2 h4 70. gxh4 f4 71. h5 f3 72. h6 f2 73. Rxf2 Bc4 74. h7 1-0

[Event "28th WSCC Open 50 2018"]
[Site "Bled"]
[Date "2018.11.25"]
[Round "7"]
[White "Arakhamia-Grant, Ketevan"]
[Black "Bagaturov, Giorgi"]
[Result "0-1"]
[ECO "B06"]
[WhiteElo "2373"]
[BlackElo "2417"]
[Annotator "ChessBase"]
[PlyCount "146"]
[EventDate "2018.11.17"]
[EventType "swiss"]
[EventCountry "SLO"]
[SourceTitle "playchess.com"]
[Source "ChessBase"]
[SourceQuality "1"]
[TimeControl "40/5400+30:1800+30"]

1. e4 g6 2. d4 Bg7 3. Nc3 d6 4. Be3 a6 5. Qd2 b5 6. f3 Bb7 7. h4 h5 8. Nh3 Nd7 9. Ng5 Rc8 10. a4 c6 11. Be2 Ngf6 12. f4 e5 13. dxe5 dxe5 14. f5 Qe7 15. O-O O-O 16. Nd1 gxf5 17. Rxf5 Rfd8 18. Qe1 Nf8 19. Nf2 Ng6 20. Nd3 c5 21. axb5 axb5 22. Ra7 c4 23. Nb4 Rd7 24. g3 Rf8 25. Bf3 Qd6 26. Nh3 Bc8 27. Ra5 Rdd8 28. Rxb5 Bxf5 29. exf5 Ne7 30. Bc5 Qd7 31. Rb7 Qxf5 32. Ng5 e4 33. Bxe7 exf3 34. Bxd8 Rxd8 35. Qf1 Qc5+ 36. Kh1 f2 37. c3 Qc8 38. Rxf7 Ng4 39. Rf3 Re8 40. Rxf2 Nxf2+ 41. Qxf2 Rf8 42. Qe2 Qg4 43. Qxg4 hxg4 44. Kg2 Re8 45. Kf2 Bf8 46. Nd5 Bc5+ 47. Kf1 Rf8+ 48. Ke2 Rf2+ 49. Ke1 Rf5 50. Nf4 Be3 51. Nge6 Re5 52. Kf1 Kf7 53. Nd8+ Kf6 54. Ne2 Rf5+ 55. Nf4 Bxf4 56. gxf4 Rxf4+ 57. Kg2 Re4 58. Nb7 Re6 59. Kg3 Kf5 60. Na5 Re3+ 61. Kf2 Re4 62. Kg3 Kg6 63. Nc6 Kh5 64. Na5 Re3+ 65. Kf2 Rf3+ 66. Kg2 Rd3 67. Nxc4 Kxh4 68. Kh2 Rd1 69. Kg2 g3 70. Ne3 Rd2+ 71. Kf3 Rd3 72. Ke2 Rxe3+ 73. Kxe3 Kh3 0-1

[Event "28th WSCC Open 50 2018"]
[Site "Bled"]
[Date "2018.11.25"]
[Round "7"]
[White "Plotkin, Victor"]
[Black "Berend, Fred"]
[Result "1/2-1/2"]
[ECO "B22"]
[WhiteElo "2307"]
[BlackElo "2369"]
[Annotator "NA"]
[PlyCount "172"]
[EventDate "2018.11.17"]
[EventType "swiss"]
[EventCountry "SLO"]
[SourceTitle "playchess.com"]
[Source "ChessBase"]
[SourceQuality "1"]
[TimeControl "40/5400+30:1800+30"]

1. e4 c5 2. c3 e6 3. d4 d5 4. exd5 Qxd5 5. Nf3 Nf6 6. Be2 Nc6 7. O-O cxd4 8. cxd4 Be7 9. Nc3 Qd6 10. Nb5 Qb8 {[%emt 0:00:55] B22: Sicilian: 2 c3} (10... Qd8 11. Bf4 Nd5 12. Bg3 O-O 13. Bc4 a6 14. Nc3 Nxc3 15. bxc3 b5 16. Bd3 Bb7 17. a4 b4 18. Rb1 Bf6 19. Be4 a5 20. cxb4 axb4 21. Bxc6 {½-½ (21) Zvjaginsev,V (2660)-Moiseenko,A (2692) Berlin 2015}) 11. Bg5 Nd5 $146 ({Predecessor:} 11... O-O 12. Bh4 Ne4 13. Bxe7 Nxe7 14. Qc2 Qf4 15. g3 Qf5 16. Nh4 Qd5 17. Nc7 Qc6 18. Qxc6 Nxc6 19. Nxa8 Nxd4 {1-0 (35) Alarcon Casellas,R (2398)-Morales Romero,P (2416) Havana 2010}) 12. Bxe7 Ncxe7 13. Ne5 Nc6 14. Bf3 a6 15. Bxd5 Nxe5 16. Nc3 Ng6 17. Be4 O-O 18. Qb3 Rd8 19. Rfd1 Ra7 20. Na4 Bd7 21. Nc5 b6 22. Nxd7 Raxd7 23. d5 Qd6 24. g3 e5 25. Bxg6 hxg6 26. Rac1 b5 27. Qe3 Rc7 28. Rxc7 Qxc7 29. Rc1 Qd6 30. Rc5 b4 31. Qc1 Kh7 32. Qc4 e4 33. Qxe4 Qb8 34. Qf4 Qxf4 35. gxf4 g5 36. fxg5 Kg6 37. h4 Kh5 38. Rc4 b3 39. axb3 Rxd5 40. Rf4 Rd3 41. Rxf7 Kxh4 42. Rxg7 Rxb3 43. g6 Kg5 44. Ra7 Kxg6 45. Rxa6+ Kf5 46. Ra2 Ke4 47. Kg2 Kf4 48. Kf1 Ke4 49. Ke2 Kd4 50. Kd1 (50. Kd2 $16) 50... Rf3 51. Ke2 Rb3 52. f3 Ke5 $1 53. Kf2 Kf4 $1 54. Kg2 Rb4 55. Kf2 Rb3 56. Ke2 Ke5 57. Kd2 Rxf3 58. Ra8 Kd6 59. Rc8 Rb3 60. Kc2 Rb5 61. Rc4 Kd5 62. Rc3 Kd4 63. Rh3 Rb8 64. b3 Kc5 65. Kc3 Rg8 66. Rh5+ Kb6 67. Kb4 Rg4+ 68. Ka3 Ka6 69. Rh3 Kb6 70. b4 Rg7 71. Rh6+ Kb5 72. Rh5+ Kb6 73. Kb3 Rf7 74. Rh8 Rg7 75. Rb8+ Ka7 76. Rb5 Ka6 77. Ka4 Rg6 78. Rb8 Ka7 79. Rb5 Ka6 80. Rh5 Kb6 81. Rh4 Kb7 82. Kb5 Rg5+ 83. Kc4 Rg6 84. Rh5 Kb6 85. Rb5+ Kc7 86. Kb3 Rg1 $11 1/2-1/2

[Event "28th WSCC Open 50 2018"]
[Site "Bled"]
[Date "2018.11.25"]
[Round "7"]
[White "Mannion, Stephen R"]
[Black "Grant, Jonathan I M"]
[Result "1/2-1/2"]
[ECO "B12"]
[WhiteElo "2286"]
[BlackElo "2192"]
[Annotator "NA"]
[PlyCount "33"]
[EventDate "2018.11.17"]
[EventType "swiss"]
[EventCountry "SLO"]
[SourceTitle "playchess.com"]
[Source "ChessBase"]
[SourceQuality "1"]
[TimeControl "40/5400+30:1800+30"]

1. e4 c6 2. d4 d5 3. e5 Bf5 4. h4 h5 5. Bd3 Bxd3 6. Qxd3 Qa5+ 7. Nd2 e6 8. Ngf3 Qa6 9. c4 Nh6 10. O-O Nf5 11. Qc3 Be7 12. g3 dxc4 13. Nxc4 Nd7 14. Bg5 Nb6 15. Ne3 Nd5 16. Nxd5 cxd5 17. Bxe7 1/2-1/2

[Event "28th WSCC Open 50 2018"]
[Site "Bled"]
[Date "2018.11.25"]
[Round "7"]
[White "Petran, Peter"]
[Black "Dougherty, Michael"]
[Result "0-1"]
[ECO "A25"]
[WhiteElo "2256"]
[BlackElo "2155"]
[Annotator "NA"]
[PlyCount "50"]
[EventDate "2018.11.17"]
[EventType "swiss"]
[EventCountry "SLO"]
[SourceTitle "playchess.com"]
[Source "ChessBase"]
[SourceQuality "1"]
[TimeControl "40/5400+30:1800+30"]

1. g3 g6 2. Bg2 Bg7 3. c4 e5 4. Nc3 Nc6 5. e3 d6 6. Nge2 Be6 7. d4 exd4 8. exd4 Bxc4 9. d5 Ne5 10. O-O Ne7 11. f4 Nd7 12. Rf2 Nf5 13. g4 Nh4 14. Bh1 h5 15. gxh5 Qe7 16. hxg6 O-O-O 17. gxf7 Nc5 18. Ng3 Nd3 19. Qg4+ Kb8 20. Qxg7 Qe1+ 21. Rf1 Nf2 22. Bg2 Nf3+ 23. Bxf3 Bxf1 24. Bd2 Nh3+ 25. Kh1 Be2+ 0-1

[Event "28th WSCC Open 50 2018"]
[Site "Bled"]
[Date "2018.11.25"]
[Round "7"]
[White "Findlay, Ian T."]
[Black "Kannenberg, Karl-Heinz"]
[Result "1/2-1/2"]
[ECO "B18"]
[WhiteElo "2255"]
[BlackElo "2182"]
[Annotator "NA"]
[PlyCount "46"]
[EventDate "2018.11.17"]
[EventType "swiss"]
[EventCountry "SLO"]
[SourceTitle "playchess.com"]
[Source "ChessBase"]
[SourceQuality "1"]
[TimeControl "40/5400+30:1800+30"]

1. e4 c6 2. d4 d5 3. Nc3 dxe4 4. Nxe4 Bf5 5. Ng3 Bg6 6. h4 h6 7. Nf3 e6 8. Ne5 Bh7 9. Bd3 Bxd3 10. Qxd3 Nd7 11. f4 Be7 12. Bd2 Nxe5 13. fxe5 Bxh4 14. O-O-O Bxg3 15. Qxg3 Ne7 16. Qxg7 Rg8 17. Qh7 Rxg2 18. Bxh6 Qd5 19. Rhg1 Rxg1 20. Rxg1 O-O-O 21. c3 Nf5 22. Bd2 Qxa2 23. Rg8 Qa1+ 1/2-1/2

[Event "28th WSCC Open 50 2018"]
[Site "Bled"]
[Date "2018.11.25"]
[Round "7"]
[White "Mukanov, Saltanat"]
[Black "Chan, Peng Kong"]
[Result "1/2-1/2"]
[ECO "B43"]
[WhiteElo "2250"]
[BlackElo "2169"]
[Annotator "ChessBase"]
[PlyCount "95"]
[EventDate "2018.11.17"]
[EventType "swiss"]
[EventCountry "SLO"]
[SourceTitle "playchess.com"]
[Source "ChessBase"]
[SourceQuality "1"]
[TimeControl "40/5400+30:1800+30"]

1. e4 c5 2. Nf3 e6 3. d4 cxd4 4. Nxd4 a6 5. Nc3 Qc7 6. Be2 Nf6 7. O-O Nc6 8. Be3 d6 9. f4 Bd7 10. Qe1 Be7 11. Qg3 O-O 12. e5 dxe5 13. fxe5 Nxd4 14. Bxd4 Bc5 15. Qe3 Bxd4 16. Qxd4 Nd5 17. Nxd5 exd5 18. Bd3 Rae8 19. Rae1 Be6 20. a3 Qd8 21. Re3 Qg5 22. Rfe1 Re7 23. Be2 Rc7 24. c3 Rd8 25. Rf1 Re8 26. Re1 Rd8 27. Rf1 Re8 28. Bd3 Rce7 29. Rfe1 g6 30. Be2 Rc7 31. h4 Qe7 32. g3 Qc5 33. Qxc5 Rxc5 34. Rd1 Kf8 35. Bf3 a5 36. Kf2 a4 37. Red3 Bf5 38. Rxd5 Rxe5 39. Rxe5 Rxe5 40. Rd5 Rxd5 41. Bxd5 b6 42. b3 axb3 43. Bxb3 Ke7 44. Ke3 f6 45. Kd4 Kd6 46. Bd1 g5 47. hxg5 fxg5 48. g4 1/2-1/2

[Event "28th WSCC Open 50 2018"]
[Site "Bled"]
[Date "2018.11.25"]
[Round "7"]
[White "Kastelic, Marian"]
[Black "Haessel, Dale R."]
[Result "0-1"]
[ECO "D85"]
[WhiteElo "2241"]
[BlackElo "2155"]
[Annotator "NA"]
[PlyCount "64"]
[EventDate "2018.11.17"]
[EventType "swiss"]
[EventCountry "SLO"]
[SourceTitle "playchess.com"]
[Source "ChessBase"]
[SourceQuality "1"]
[TimeControl "40/5400+30:1800+30"]

1. d4 Nf6 2. c4 g6 3. Nc3 d5 4. cxd5 Nxd5 5. e4 Nxc3 6. bxc3 Bg7 7. Ba3 Nd7 8. Nf3 O-O 9. Bd3 c5 10. O-O b6 11. e5 Bb7 12. Ng5 Nb8 13. Qg4 Nc6 14. e6 f5 15. Qh3 h5 16. dxc5 bxc5 17. Bxc5 Qd5 18. Rab1 Rab8 19. Rb5 a6 20. c4 Qe5 21. f4 Qc3 22. Rb3 Qa5 23. Ba3 Nd4 24. Bxe7 Nxb3 25. Bxf8 Bd4+ 26. Kh1 Nd2 27. Bd6 Nxf1 28. Bxf1 Qe1 29. Qd3 Be4 30. Nxe4 fxe4 31. Qxd4 Qxf1+ 32. Qg1 Rb1 0-1

[Event "28th WSCC Open 50 2018"]
[Site "Bled"]
[Date "2018.11.25"]
[Round "7"]
[White "Smolin, Sergey"]
[Black "Porper, Edward"]
[Result "0-1"]
[ECO "C02"]
[WhiteElo "2140"]
[BlackElo "2377"]
[Annotator "NA"]
[PlyCount "90"]
[EventDate "2018.11.17"]
[EventType "swiss"]
[EventCountry "SLO"]
[SourceTitle "playchess.com"]
[Source "ChessBase"]
[SourceQuality "1"]
[TimeControl "40/5400+30:1800+30"]

1. e4 e6 2. d4 d5 3. e5 c5 4. dxc5 Nc6 5. Nf3 Bxc5 6. Bd3 f6 7. Qe2 fxe5 8. Nxe5 Nxe5 9. Qxe5 Nf6 10. Be3 Bd6 11. Qg5 O-O 12. f4 h6 13. Qh4 e5 14. fxe5 Bxe5 15. Bd4 Bxd4 16. Qxd4 Qe7+ 17. Kd1 Ng4 18. Re1 Qg5 19. Nd2 Nf2+ 20. Kc1 Nxd3+ 21. Qxd3 Qxg2 22. Qg3 Qxg3 23. hxg3 Bf5 24. Nb3 Rac8 25. Nd4 Bxc2 26. Kd2 Be4 27. Rac1 Rce8 28. Rc7 Rf2+ 29. Kc3 Rf7 30. Rc5 a6 31. Kb4 Ree7 32. Rc8+ Kh7 33. Rec1 Kg6 34. a4 Kg5 35. a5 Kg4 36. R8c3 g5 37. Kc5 Rc7+ 38. Kd6 Rxc3 39. Rxc3 h5 40. Ke6 Rh7 41. Nc2 Bxc2 42. Rxc2 h4 43. gxh4 gxh4 44. Kxd5 h3 45. Rc4+ Kf5 0-1

[Event "28th WSCC Open 50 2018"]
[Site "Bled"]
[Date "2018.11.26"]
[Round "8"]
[White "Lagunov, Evgenij"]
[Black "Kranzl, Peter"]
[Result "1/2-1/2"]
[ECO "B12"]
[WhiteElo "2272"]
[BlackElo "2163"]
[Annotator "NA"]
[PlyCount "34"]
[EventDate "2018.11.17"]
[EventType "swiss"]
[EventCountry "SLO"]
[SourceTitle "playchess.com"]
[Source "ChessBase"]
[SourceQuality "1"]
[TimeControl "40/5400+30:1800+30"]

1. e4 c6 2. d4 d5 3. e5 Bf5 4. Nf3 e6 5. Be2 h6 6. O-O Nd7 7. Nbd2 Ne7 8. b3 Ng6 9. Re1 Bb4 10. Bb2 O-O 11. c3 Be7 12. Bf1 f6 13. exf6 Rxf6 14. Ne5 Ngxe5 15. dxe5 {[%emt 0:00:18] [#]} Rf7 $15 16. b4 a5 17. a3 Qb6 1/2-1/2

[Event "28th WSCC Open 50 2018"]
[Site "Bled"]
[Date "2018.11.26"]
[Round "8"]
[White "Grant, Jonathan I M"]
[Black "Findlay, Ian T."]
[Result "1-0"]
[ECO "A18"]
[WhiteElo "2192"]
[BlackElo "2255"]
[Annotator "ChessBase"]
[PlyCount "79"]
[EventDate "2018.11.17"]
[EventType "swiss"]
[EventCountry "SLO"]
[SourceTitle "playchess.com"]
[Source "ChessBase"]
[SourceQuality "1"]
[TimeControl "40/5400+30:1800+30"]

1. c4 Nf6 2. Nc3 e6 3. e4 d5 4. e5 Ne4 5. Nf3 Nc6 6. d4 Bb4 7. Qc2 f5 8. a3 Bxc3+ 9. bxc3 O-O 10. Bd3 b6 11. cxd5 exd5 12. O-O Na5 13. a4 Be6 14. Ne1 c5 15. f3 Ng5 16. h4 Nf7 17. Bxf5 Bxf5 18. Qxf5 cxd4 19. Ba3 Re8 20. cxd4 Qxh4 21. f4 Nc4 22. Qd3 Nh6 23. g3 Qg4 24. f5 g6 25. Rf4 Qg5 26. Qf3 Rad8 27. f6 Nf5 28. Ng2 Kf7 29. Bc1 h5 30. Qf2 Re6 31. Rf3 Qg4 32. Rf4 Qd1+ 33. Kh2 Nh6 34. Qf1 Qc2 35. Rf3 Nf5 36. Rf2 Qc3 37. Bb2 Qxg3+ 38. Kg1 Nfe3 39. Qd3 Qg4 40. Re1 1-0

[Event "28th WSCC Open 50 2018"]
[Site "Bled"]
[Date "2018.11.27"]
[Round "9"]
[White "Arakhamia-Grant, Ketevan"]
[Black "Kannenberg, Karl-Heinz"]
[Result "1-0"]
[ECO "B12"]
[WhiteElo "2373"]
[BlackElo "2182"]
[Annotator "ChessBase"]
[PlyCount "83"]
[EventDate "2018.11.17"]
[EventType "swiss"]
[EventCountry "SLO"]
[SourceTitle "playchess.com"]
[Source "ChessBase"]
[SourceQuality "1"]
[TimeControl "40/5400+30:1800+30"]

1. e4 c6 2. d4 d5 3. e5 Bf5 4. Nd2 e6 5. Nb3 Nd7 6. Nf3 Ne7 7. Be2 Bg4 8. O-O Nf5 9. a4 g6 10. a5 a6 11. Re1 h5 12. Bd2 Be7 13. Rc1 O-O 14. c4 Rc8 15. h3 Bxf3 16. Bxf3 Re8 17. Be2 Bg5 18. cxd5 exd5 19. Bd3 Ng7 20. f4 Be7 21. Qf3 Nf8 22. f5 gxf5 23. Bxf5 Nfe6 24. Rf1 Rf8 25. Bb1 f5 26. exf6 Rxf6 27. Qd3 Nf8 28. Nc5 Rc7 29. b4 Bxc5 30. dxc5 Rcf7 31. Bc3 Rxf1+ 32. Rxf1 Rxf1+ 33. Kxf1 Qg5 34. Kf2 Qf4+ 35. Qf3 Qh6 36. Qg3 h4 37. Qxg7+ Qxg7 38. Bxg7 Kxg7 39. Bf5 Kf6 40. Bc8 Ke7 41. Bxb7 Kd7 42. Bxa6 1-0

[Event "28th WSCC Open 50 2018"]
[Site "Bled"]
[Date "2018.11.27"]
[Round "9"]
[White "Plotkin, Victor"]
[Black "Chan, Peng Kong"]
[Result "1-0"]
[ECO "B22"]
[WhiteElo "2307"]
[BlackElo "2169"]
[Annotator "NA"]
[PlyCount "69"]
[EventDate "2018.11.17"]
[EventType "swiss"]
[EventCountry "SLO"]
[SourceTitle "playchess.com"]
[Source "ChessBase"]
[SourceQuality "1"]
[TimeControl "40/5400+30:1800+30"]

1. e4 c5 2. c3 g6 3. d4 cxd4 4. cxd4 d5 5. exd5 Nf6 6. Bb5+ Nbd7 7. Nc3 a6 {[%emt 0:04:02] B10: Caro-Kann: 2 d3 and 2 c4} (7... Bg7 8. d6 exd6 9. Qe2+ Qe7 10. Bf4 Bf8 11. O-O-O Qxe2 12. Bxe2 Nb6 13. Bf3 Be7 14. Re1 Be6 15. Nh3 Kd7 16. Ng5 Bd5 17. Nxd5 Nfxd5 18. Bd2 f5 19. Ne6 Bf6 20. Re2 Rhe8 21. Rhe1 Rac8+ 22. Kb1 Nc7 {½-½ (22) Ghaem Maghami,E (2570)-Negi,P (2641) Moscow 2012}) 8. Be2 Nb6 9. Nf3 Nbxd5 10. Ne5 Nxc3 11. bxc3 Bg7 12. O-O O-O 13. Bf3 Qc7 14. Qb3 Nd7 $146 ({Predecessor:} 14... Ne8 15. Bf4 Nd6 {½-½ (34) Medvegy,N (2338)-Lorincz,I (2357) Budapest 2002}) 15. Nxd7 Bxd7 16. Qxb7 Qxc3 17. Bb2 Qc2 18. Qxd7 Rad8 19. Qxe7 Qxb2 20. Rab1 Qxa2 21. d5 Rfe8 22. Qa7 Ra8 23. Qb6 Rad8 24. d6 Rd7 (24... Be5 $11 {remains equal.}) 25. Rbd1 Red8 26. Bg4 f5 27. Bf3 Qb2 28. Qxa6 Qf6 29. Rfe1 Rxd6 30. Qc4+ Kh8 31. Rxd6 Qxd6 32. Qf7 Qf6 $11 33. Qc7 Qd6 34. Qxd6 Rxd6 35. Re8+ 1-0

[Event "28th WSCC Open 50 2018"]
[Site "Bled"]
[Date "2018.11.27"]
[Round "9"]
[White "Mannion, Stephen R"]
[Black "Bischoff, Klaus"]
[Result "0-1"]
[ECO "B93"]
[WhiteElo "2286"]
[BlackElo "2507"]
[Annotator "RC"]
[PlyCount "80"]
[EventDate "2018.11.17"]
[EventType "swiss"]
[EventCountry "SLO"]
[SourceTitle "playchess.com"]
[Source "ChessBase"]
[SourceQuality "1"]
[TimeControl "40/5400+30:1800+30"]

1. e4 c5 2. Nf3 d6 3. d4 cxd4 4. Nxd4 Nf6 5. Nc3 a6 6. f4 Qc7 7. a4 e6 8. Be2 Nc6 9. Be3 Bd7 10. Nb3 Na5 11. Nxa5 Qxa5 12. O-O Be7 13. Kh1 Bc6 14. Bf3 Rc8 15. Qd2 Qc7 16. a5 O-O 17. Rfd1 Nd7 18. Qf2 f5 19. exf5 Bxf3 20. Qxf3 Rxf5 21. Qe4 Kf7 22. g4 Nf6 23. Qg2 Rxa5 24. Rxa5 Qxa5 25. g5 Nd7 26. Qxb7 Rc7 27. Qe4 g6 28. Bd4 Qf5 29. Qe2 Rc6 30. Ne4 d5 31. Nc3 Bd6 32. Be3 Rc4 33. Rf1 Nc5 34. Bd2 Rb4 35. b3 Qxc2 36. f5 exf5 37. Nxd5 Rh4 38. Rf2 Ne4 39. Rg2 Nxd2 40. Nf6 Qc1+ 0-1

[Event "28th WSCC Open 50 2018"]
[Site "Bled"]
[Date "2018.11.27"]
[Round "9"]
[White "Kolesar, Milan"]
[Black "Namyslo, Holger"]
[Result "1/2-1/2"]
[ECO "A33"]
[WhiteElo "2198"]
[BlackElo "2254"]
[Annotator "NA"]
[PlyCount "34"]
[EventDate "2018.11.17"]
[EventType "swiss"]
[EventCountry "SLO"]
[SourceTitle "playchess.com"]
[Source "ChessBase"]
[SourceQuality "1"]
[TimeControl "40/5400+30:1800+30"]

1. Nf3 c5 2. c4 Nc6 3. d4 cxd4 4. Nxd4 Nf6 5. Nc3 e6 6. g3 Qb6 7. Nb3 Ne5 8. e4 Bb4 9. Qe2 d6 10. f4 Nc6 11. Be3 Bxc3+ 12. bxc3 Qc7 13. Bg2 O-O 14. c5 dxc5 15. Bxc5 Rd8 16. O-O e5 17. f5 Na5 1/2-1/2

[Event "28th WSCC Open 50 2018"]
[Site "Bled"]
[Date "2018.11.28"]
[Round "10"]
[White "Namyslo, Holger"]
[Black "Biro, Sandor"]
[Result "0-1"]
[ECO "C57"]
[WhiteElo "2254"]
[BlackElo "2191"]
[Annotator "RC"]
[PlyCount "62"]
[EventDate "2018.11.17"]
[EventType "swiss"]
[EventCountry "SLO"]
[SourceTitle "playchess.com"]
[Source "ChessBase"]
[SourceQuality "1"]
[TimeControl "40/5400+30:1800+30"]

1. e4 e5 2. Nf3 Nc6 3. Bc4 Nf6 4. Ng5 d5 5. exd5 Nd4 6. c3 b5 7. Bf1 Nxd5 8. Ne4 Ne6 9. Bxb5+ Bd7 10. Qa4 Nb6 11. Bxd7+ Nxd7 12. O-O Be7 13. d4 exd4 14. cxd4 O-O 15. Be3 Nb6 16. Qd1 f5 17. Nc5 Bxc5 18. dxc5 Qxd1 19. Rxd1 Na4 20. b3 Rad8 21. Rc1 f4 22. Bd2 Naxc5 23. Ba5 Nd3 24. Rd1 f3 25. gxf3 Rxf3 26. Rd2 Rf5 27. Bc3 Nef4 28. Na3 Rd6 29. Nc4 Rg6+ 30. Kf1 Rfg5 31. Rxd3 Rg1# 0-1